 Dungeon Crawl Stone Soup version 0.20-a0-537-g052e6ba (webtiles) character file.

17 Klosterheim the Chiller (level 2, -2/20 HPs)
             Began as a Draconian Ice Elementalist on Jan 28, 2017.
             Slain by a kobold
             ... wielding a +0 dagger
              (3 damage)
             ... on level 1 of the Dungeon.
             The game lasted 00:02:38 (1244 turns).

Klosterheim the Chiller (DrIE)                      Turns: 1244, Time: 00:02:38

Health: -2/20      AC:  4    Str: 10    XL:     2   Next: 44%
Magic:  5/5        EV: 12    Int: 15    God:
Gold:   31         SH:  0    Dex: 11    Spells: 4/5 levels left

rFire    . . .     SeeInvis .   (no weapon)
rCold    . . .     Gourm    .   (armour unavailable)
rNeg     . . .     Faith    .   (no shield)
rPois    .         Spirit   .   (helmet restricted)
rElec    .         Reflect  .   (no cloak)
rCorr    .         Harm     .   (no gloves)
MR       .....                  (no boots)
Stlth    ++........             (no amulet)
Regen    0.1/turn               (no ring)
                                (no ring)

@: no status effects
A: unfitting armour, cold-blooded, AC +4
a: no special abilities


You were on level 1 of the Dungeon.
You were very hungry.

You visited 1 branch of the dungeon, and saw 1 of its levels.

You collected 31 gold pieces.

Inventory:

Scrolls
 e - a scroll of enchant weapon {unknown}
 h - a scroll of magic mapping {unknown}
 i - a scroll of identify {unknown}
 j - 2 scrolls of remove curse {unknown}
 k - a scroll of immolation {unknown}
 l - a scroll of noise {unknown}
Potions
 c - a potion of curing {unknown}
 d - 2 potions of flight {unknown}
 m - a potion of agility {unknown}
Books
 a - a book of Frost

   Spells                             Type                      Level
   a - Freeze                         Ice                          1
   b - Throw Frost                    Conjuration/Ice              2
   c - Ozocubu's Armour               Charms/Ice                   3
   d - Throw Icicle                   Conjuration/Ice              4
   e - Summon Ice Beast               Ice/Summoning                4
Comestibles
 b - 2 bread rations
 f - a meat ration
 n - a royal jelly


   Skills:
 - Level 1.7 Dodging
 - Level 1.7 Stealth
 + Level 2.3 Spellcasting
   Level 1.0 Conjurations
 * Level 3.5 Ice Magic


You had 4 spell levels left.
You knew the following spells:

 Your Spells              Type           Power        Failure   Level  Hunger
a - Freeze                Ice            ##..         6%          1    #......


Dungeon Overview and Level Annotations

Branches:
Dungeon (1/15)

Altars:


Innate Abilities, Weirdness & Mutations

Your plain brown scales are hard. (AC +4)
You cannot fit into any form of body armour.
You are cold-blooded and may be slowed by cold attacks.


Message History

The bat closely misses you.
A kobold comes into view. It is wielding a dagger.
The kobold shouts!
The bat closely misses you. The bat completely misses you.
The bat barely misses you. The bat closely misses you. The kobold misses you.
The bat hits you but does no damage. The kobold closely misses you.
The bat closely misses you. The kobold barely misses you.
The bat hits you but does no damage. The kobold hits you but does no damage.
The bat misses you. The kobold hits you but does no damage.
The bat hits you but does no damage. The kobold hits you with a dagger.
* * * LOW HITPOINT WARNING * * *
The bat hits you but does no damage. The kobold closely misses you.
The bat hits you but does no damage. The kobold hits you but does no damage.
The bat hits you.
* * * LOW HITPOINT WARNING * * *
The kobold barely misses you. The bat misses you.
The kobold hits you with a dagger.
You die...

########### #.........#
#.........#
.###########.........###
'...................'..
.......
#.#.............().###
....... #.'................#
.......####..............(.#
#.......#..b@####.........#
#.......#..K.# #.........#
#.......#....# #....######
#......(#....# #....#
#.......######....##
#.#.##.......'.....# #
#.#...######.....#
#.#.#............#.#######
#.............(...........


You could see a bat and a kobold.

Vanquished Creatures
  A leopard gecko (D:1)
  3 bats (D:1)
  A goblin (D:1)
  2 hobgoblins (D:1)
  3 jackals (D:1)
  A kobold (D:1)
  A frilled lizard (D:1)
  2 rats (D:1)
14 creatures vanquished.

Notes
Turn   | Place    | Note
-------+----------+-------------------------------------------
     0 | D:1      | Klosterheim the Draconian Ice Elementalist began the quest for the Orb.
     0 | D:1      | Reached XP level 1. HP: 14/14 MP: 3/3
   536 | D:1      | Reached XP level 2. HP: 17/20 MP: 1/5
  1243 | D:1      | HP: 1/20 [bat (1)]
  1244 | D:1      | Slain by a kobold

Vault maps used:
D:1:      dpeg_arrival_renting

Action                   || total
-------------------------++-------
Melee: Unarmed           ||    16
       Tailslap          ||     3
 Cast: Freeze            ||    18
Armor: Skin              ||   200
Dodge: Dodged            ||   333
